 Dungeon Crawl Stone Soup version 0.20-a0-1117-g62da73f (webtiles) character file.

376525 MikeHunt the Sensei (level 21, -4/171 HPs)
             Began as a Demonspawn Monk on May 8, 2017.
             Was the Champion of Makhleb.
             Slain by Mennas
             ... wielding a +5 trishula of holy wrath
              (17 damage)
             ... on level 2 of the Vaults on May 9, 2017.
             The game lasted 03:24:38 (54483 turns).

MikeHunt the Sensei (Demonspawn Monk)              Turns: 54483, Time: 03:24:39

Health: -4/171     AC: 25    Str: 17    XL:     21   Next: 80%
Magic:  28/28      EV: 26    Int: 18    God:    Makhleb [******]
Gold:   1331       SH:  0    Dex: 30    Spells: 18/20 levels left

rFire    + + +     SeeInvis .     - Unarmed
rCold    + . .     Gourm    .   (no shield)
rNeg     . . .     Faith    .   V - +5 fire dragon scales
rPois    +         Spirit   .   p - +1 helmet
rElec    .         Reflect  .   I - +2 cloak {rPois}
rCorr    .         Harm     .   d - +0 pair of gloves of Wu Jian's Whim {rF++ MR+ Dex+2}
MR       ++++.     Clarity  +   (boots unavailable)
Stlth    +.........             U - amulet of Hiatug {MR+ Regen+ Int+4}
Regen    0.8/turn               e - ring "Oceudaog" {rC+ MR+ Str+3}
MPRegen  0.3/turn               D - ring of Toihe {Dex+5 Slay+3}

@: hasted, glowing, silenced, repel missiles, very quick
A: talons 3, repulsion field 3, agile 1, clarity, cold resistance 1, low mp 2,
powered by death 2, freezing cloud immunity
}: 2/15 runes: serpentine, barnacled
a: Renounce Religion


You were on level 2 of the Vaults.
You worshipped Makhleb.
Makhleb was exalted by your worship.
You were not hungry.

You visited 8 branches of the dungeon, and saw 37 of its levels.
You also visited: Ice Cave.

You collected 4920 gold pieces.
You spent 3589 gold pieces at shops.

Inventory:

Hand Weapons
 w - a +3 blowgun
Missiles
 t - 9 throwing nets (quivered) {!f}
 W - 8 curare-tipped needles
Armour
 d - the +0 pair of gloves of Wu Jian's Whim (worn) {rF++ MR+ Dex+2}
   (You bought it in a shop on level 2 of the Elven Halls)

   It affects your dexterity (+2).
   It greatly protects you from fire.
   It affects your resistance to hostile enchantments.
 p - a +1 helmet (worn)
 I - a +2 cloak of poison resistance (worn)
 V - +5 fire dragon scales (worn)
Jewellery
 e - the ring "Oceudaog" (left hand) {rC+ MR+ Str+3}
   (You found it on level 4 of the Shoals)

   [ring of protection from magic]

   It affects your strength (+3).
   It protects you from cold.
   It affects your resistance to hostile enchantments.
 B - the amulet of the Four Winds {rN+ MR+++ Clar}
   (You took it off a deep elf annihilator on level 3 of the Elven Halls)

   [amulet of nothing]

   It protects you from negative energy.
   It affects your resistance to hostile enchantments.
   It protects you against confusion.
 D - the ring of Toihe (right hand) {Dex+5 Slay+3}
   (You took it off a deep elf mage on level 3 of the Elven Halls)

   [ring of dexterity]

   It affects your dexterity (+5).
   It affects your accuracy and damage with ranged weapons and melee attacks
   (+3).
 F - the amulet "Niamus" {Spirit +Blink rElec rF- Int+2}
   (You acquired it on level 3 of the Snake Pit)

   [amulet of guardian spirit]

   It causes incoming damage to be split between your health and magic.
   It affects your intelligence (+2).
   It makes you vulnerable to fire.
   It insulates you from electricity.
   It lets you blink.
 L - an uncursed ring of resist corrosion
 U - the amulet of Hiatug (around neck) {MR+ Regen+ Int+4}
   (You took it off an ironbrand convoker on level 1 of the Vaults)

   [amulet of regeneration]

   It affects your intelligence (+4).
   It affects your resistance to hostile enchantments.
   It increases your rate of regeneration.
 Z - the ring of Fiecoh {EV+4 Int+3 Stlth+}
   (You took it off an orc knight on level 1 of the Vaults)

   [ring of evasion]

   It affects your evasion (+4).
   It affects your intelligence (+3).
   It makes you more stealthy.
Wands
 j - a wand of digging (7/24)
 k - a wand of iceblast (6/15)
 s - a wand of iceblast (9/15)
 y - a wand of digging (10/24)
 A - a wand of iceblast (3/15)
 C - a wand of digging (11/24)
 M - a wand of disintegration (13/24)
 R - a wand of lightning (4/15)
 Y - a wand of iceblast (11/15)
Scrolls
 a - 2 scrolls of recharging
 f - 15 scrolls of remove curse
 h - a scroll of fear
 o - 4 scrolls of blinking
 q - 5 scrolls of magic mapping
 r - a scroll of fog
 v - 9 scrolls of teleportation
 H - a scroll of torment
 P - a scroll of vulnerability
 Q - 2 scrolls of enchant armour
Potions
 c - a potion of magic
 i - 5 potions of brilliance
 l - 15 potions of curing
 x - 9 potions of haste
 z - 4 potions of heal wounds
 G - 6 potions of agility
 J - 7 potions of flight
 K - 4 potions of mutation
 O - 3 potions of cancellation
 S - 3 potions of resistance
 T - 3 potions of might
 X - 2 potions of invisibility
Miscellaneous
 m - a phial of floods
 u - a lamp of fire
 E - a lightning rod (3/4)
 N - a sack of spiders
Comestibles
 b - 12 bread rations
 g - 18 meat rations
 n - 6 fruits


   Skills:
 - Level 16.0 Fighting
 - Level 13.6 Armour
 - Level 13.4 Dodging
 - Level 1.7 Stealth
 + Level 21.9 Unarmed Combat
 - Level 21.0 Invocations
 - Level 10.0 Evocations


You had 18 spell levels left.
You knew the following spells:

 Your Spells              Type           Power        Failure   Level  Hunger
q - Blink                 Tloc           N/A          67%         2    ###....


Dungeon Overview and Level Annotations

Branches:
Dungeon (15/15)            Temple (1/1) D:5            Lair (6/6) D:8
 Shoals (4/4) Lair:4        Snake (4/4) Lair:2        Slime (0/5) Lair:6
    Orc (2/2) D:10            Elf (3/3) Orc:2        Vaults (2/5) D:13
 Depths (0/5) D:15
  Crypt: Vaults:2-3

Altars:
Elyvilon
Fedhas
Gozag
Kikubaaqudgha
Makhleb
Nemelex Xobeh
Qazlal
Ru
Sif Muna
Trog
Uskayaw
Wu Jian
Yredelemnul
Zin

Shops:
D:7 *   Orc:2 %(?*}   Elf:2 =}}[   Elf:3 [   Snake:2 :**!

Annotations:
D:14 exclusion: Roxanne, Roxanne
Elf:2 3 runed doors
Vaults:2 Mennas


Innate Abilities, Weirdness & Mutations

You have claws for feet.
You are surrounded by a strong repulsion field. (EV +4, RMsl)
Your flesh is cold resistant. (rC+)
You regenerate health from kills.
You are immune to freezing clouds.
You are agile. (Dex +2)
You possess an exceptional clarity of mind.
Your magical capacity is very low. (-20% MP)


Message History

Unknown command.
You feel much better.
Mennas hits you with a trishula of holy wrath.
You convulse!
Mennas hits you but does no damage. Mennas blocks your redback's attack.
Mennas hits you with a trishula of holy wrath!
* * * LOW HITPOINT WARNING * * *
You convulse!!
* * * LOW HITPOINT WARNING * * *
Mennas hits you with a trishula of holy wrath!
* * * LOW HITPOINT WARNING * * *
You convulse!
* * * LOW HITPOINT WARNING * * *
Mennas blocks your redback's attack.
Unknown command.
Okay, then.
Unknown command.
You feel yourself speed up.
Mennas hits you with a trishula of holy wrath!
You die...

#########...###..#
'(......##### ####
... #....... ...
#....... #########
... #.......
........########....
#.......
........#......#...
#.......
........#......'...
#.......
........Asa....#
#.......
.......@#..a2..# #
........#......#
#########......#
##########
#######'###
.........#
#........#
.........#
#........#
#..####..#
#........#
#..'..#..#
#........#
#..#..#..#
#........#


You could see Mennas, a friendly soldier ant and a friendly redback.

Vanquished Creatures
  Jorgrun (Snake:4)
  A deep elf blademaster (Elf:2)
  2 deep elf master archers (Elf:3)
  A tengu reaver (Vaults:1)
  16 nagarajas
  Kirke (Snake:1)
  A frost giant (Vaults:1)
  7 deep elf sorcerers
  An orc warlord (Vaults:1)
  5 vault wardens
  Louise (Shoals:2)
  The ghost of braks the Gelid, a journeyman MfIE of Sif Muna (Orc:1)
  2 deep elf elementalists (Elf:3)
  8 ironheart preservers (Vaults:1)
  2 stone giants (Vaults:2)
  5 deep elf annihilators (Elf:3)
  4 deep elf demonologists
  A red draconian (Vaults:1)
  Azrael (D:15)
  2 ettins
  9 deep elf death magi (Elf:3)
  5 merfolk javelineers
  Snorg (D:11)
  Josephine (D:14)
  The ghost of grindst0ne the Fighter, a journeyman DsBe of Trog (IceCv)
  8 merfolk impalers
  2 deep elf high priests (Elf:3)
  5 yaktaur captains
  11 hydras
  A fire dragon (Lair:6)
  17 vault guards
  3 great orbs of eyes
  3 ice dragons
  2 death knights (D:15)
  Erica (D:9)
  21 naga warriors
  3 merfolk avatars
  8 anacondas
  10 ogre magi
  9 centaur warriors
  3 satyrs
  15 dancing weapons
  A deep troll shaman (Vaults:1)
  28 two-headed ogres
  3 death yaks
  4 merfolk aquamancers
  An orc high priest (Elf:3)
  A tengu warrior (D:13)
  15 deep elf knights
  21 naga sharpshooters
  A shock serpent (Snake:4)
  Sonja (D:15)
  A shadow wraith (Vaults:1)
  10 skeletal warriors
  22 sea snakes
  A flayed ghost (D:15)
  3 unseen horrors
  A salamander mystic (Snake:3)
  2 deep trolls
  20 deep elf archers
  2 shambling mangroves (Lair:5)
  6 wizards
  4 naga ritualists
  9 ironbrand convokers
  A swamp dragon (Lair:6)
  A lindwurm (Lair:6)
  A phantasmal warrior (D:14)
  5 orc knights
  26 harpies
  Pikel (D:4)
  50 deep elf magi
  3 necromancers
  11 mana vipers
  4 oklob plants
  2 orc sorcerers
  17 fauns
  A shining eye (Lair:6)
  36 ugly things
  4 wolf spiders
  4 manticores
  8 cyclopes
  11 salamanders
  10 merfolk sirens
  6 torpor snails (Lair:6)
  20 naga magi
  6 vault sentinels
  An ice statue (IceCv)
  38 black mambas
  9 guardian serpents
  8 elephants
  6 water nymphs
  4 rime drakes
  A yaktaur zombie (D:15)
  A gargoyle (D:14)
  19 spiny frogs
  A komodo dragon (shapeshifter) (Elf:1)
  2 efreet (D:13)
  A kobold demonologist (D:14)
  14 yaktaurs
  16 freezing wraiths
  5 komodo dragons
  A queen bee (shapeshifter) (Vaults:1)
  A guardian mummy (D:15)
  A tengu conjurer (D:13)
  5 polar bears
  33 merfolk
  A meliai (shapeshifter) (Vaults:2)
  4 wind drakes
  A jumping spider (shapeshifter) (D:14)
  6 trolls
  3 meliai
  12 hornets
  4 tyrant leeches (Lair:6)
  16 blink frogs
  8 snapping turtles
  10 slime creatures
  15 hippogriffs
  A deep troll zombie (D:15)
  2 ice dragon zombies (D:15)
  A shadow (D:14)
  2 air elementals (Elf:2)
  A vampire (D:14)
  16 water elementals
  69 yaks
  9 wraiths
  The ghost of Wendigo the Vexing, an amateur SpEn of Wu Jian (D:5)
  2 basilisks
  5 wyverns
  11 fire elementals
  2 basilisks (shapeshifter) (Vaults:2)
  3 hogs (Snake:1)
  19 humans (D:13)
  7 vampire mosquitoes
  3 hungry ghosts
  A human (shapeshifter) (Vaults:1)
  4 wargs
  A harpy simulacrum (D:14)
  63 nagas
  7 acid dragons
  3 hell hounds (D:15)
  5 soldier ants (Lair:2)
  Duvessa (D:6)
  7 porcupines
  A swamp drake (Lair:6)
  18 water moccasins
  A sky beast (D:5)
  4 slaves
  An eye of draining (shapeshifter) (Vaults:1)
  12 ice beasts
  22 orc warriors
  39 ogres
  An eye of draining (Vaults:1)
  2 necrophages
  3 boggarts (Vaults:2)
  19 wolves
  17 centaurs
  17 crocodiles
  4 big kobolds
  21 bullfrogs
  2 earth elementals
  Blork the orc (D:4)
  Dowan (D:6)
  2 wyvern skeletons
  8 scorpions
  A swamp dragon simulacrum (IceCv)
  5 killer bees (D:11)
  5 howler monkeys
  9 electric eels
  9 crimson imps
  6 centaur zombies
  A draconian simulacrum (IceCv)
  12 hounds
  A quasit (D:14)
  A human simulacrum (Vaults:1)
  A bullfrog zombie (D:13)
  3 jellies
  15 orc priests
  20 orc wizards
  2 bullfrog skeletons
  5 centaur skeletons
  6 iguanas
  A polar bear simulacrum (IceCv)
  4 hell rats (Lair:5)
  33 worker ants
  6 troll simulacra (IceCv)
  3 spriggan simulacra (IceCv)
  2 centaur simulacra
  A hound zombie (D:6)
  3 worker ant zombies
  13 adders
  6 gnolls (D:6)
  A howler monkey skeleton (D:5)
  4 naga simulacra (IceCv)
  3 ogre simulacra (IceCv)
  A shadow imp (D:14)
  12 white imps
  6 ufetubi
  An ooze (D:3)
  6 worms
  2 dart slugs
  7 leopard geckos
  84 orcs
  9 bats
  2 giant cockroaches
  9 goblins
  7 hobgoblins
  3 jackals (D:4)
  16 kobolds
  6 quokkas
  6 ball pythons
  2 frilled lizards
  7 rats
  3 plants
1647 creatures vanquished.

Vanquished Creatures (collateral kills)
  Vashnia (Snake:2)
  Polyphemus (Shoals:2)
  Gastronok (D:12)
  A nagaraja (Snake:4)
  Aizul (Snake:2)
  2 merfolk impalers (Shoals:4)
  An ice dragon (Vaults:1)
  A yaktaur captain (Vaults:1)
  4 naga warriors
  A catoblepas (Shoals:2)
  An anaconda (Snake:2)
  A two-headed ogre (D:10)
  A satyr (Shoals:4)
  A merfolk aquamancer (Shoals:4)
  2 ogre magi
  A queen ant (Lair:2)
  A shock serpent (Snake:1)
  A deep elf knight (Vaults:1)
  A naga sharpshooter (Snake:4)
  2 unseen horrors (Vaults:1)
  3 naga ritualists
  A deep elf archer (Vaults:1)
  2 deep elf magi (Vaults:1)
  An ugly thing (D:11)
  A cyclops (Shoals:4)
  2 mana vipers (Snake:2)
  2 fauns (Shoals:4)
  A salamander (Snake:2)
  A manticore (Shoals:4)
  A merfolk siren (Shoals:4)
  A gargoyle (D:10)
  3 black mambas
  A vault sentinel (Vaults:1)
  2 naga magi
  A spiny frog (Lair:6)
  A freezing wraith (IceCv)
  A troll (D:11)
  A polar bear (Lair:1)
  A wind drake (Shoals:4)
  5 merfolk (Shoals:4)
  A redback (shapeshifter) (Vaults:1)
  6 yaks
  A soldier ant (Lair:2)
  6 nagas
  2 water moccasins
  3 ice beasts (IceCv)
  An ogre (Orc:2)
  An elephant simulacrum (IceCv)
  An orc priest (Orc:1)
  A polar bear simulacrum (IceCv)
  2 troll simulacra (IceCv)
  A worker ant (Lair:2)
  An adder (Snake:1)
  A white imp (IceCv)
  2 orcs (Orc:1)
  A ball python (Snake:1)
  A fungus (Lair:2)
  3 plants (Shoals:4)
93 creatures vanquished.

Vanquished Creatures (others)
  Ilsuiw (Shoals:3)
  A vault guard (Vaults:1)
  A necromancer (D:13)
  A faun (Shoals:3)
  3 merfolk
  A steam dragon (Lair:6)
  An acid dragon (Vaults:1)
  A naga (Snake:4)
  A ball python (Snake:1)
  A bush (Lair:1)
  A fire vortex (Lair:6)
  16 fungi
  61 plants
  4 tentacles (Shoals:3)
94 creatures vanquished.

Grand Total: 1834 creatures vanquished

Notes
Turn   | Place    | Note
-------+----------+-------------------------------------------
     0 | D:1      | MikeHunt the Demonspawn Monk began the quest for the Orb.
     0 | D:1      | Reached XP level 1. HP: 18/18 MP: 1/1
   169 | D:1      | Gained mutation: You regenerate a little health from kills. [demonic ancestry]
   169 | D:1      | Reached XP level 2. HP: 18/24 MP: 2/2
   871 | D:1      | Gained mutation: You have sharp toenails. [demonic ancestry]
   871 | D:1      | Reached XP level 3. HP: 28/29 MP: 3/3
  1700 | D:2      | Gained mutation: You are surrounded by a mild repulsion field. (EV +2) [demonic ancestry]
  1700 | D:2      | Reached XP level 4. HP: 35/35 MP: 4/4
  2153 | D:2      | Found an ornate altar of the Wu Jian Council.
  2655 | D:3      | Reached skill level 5 in Unarmed Combat
  2655 | D:3      | Reached XP level 5. HP: 18/41 MP: 5/5
  3772 | D:4      | Noticed an ogre
  3782 | D:4      | Killed an ogre
  3782 | D:4      | Gained mutation: You have razor-sharp toenails. [demonic ancestry]
  3782 | D:4      | Reached XP level 6. HP: 47/47 MP: 6/6
  3824 | D:4      | Noticed Blork the orc
  4083 | D:4      | Gained mutation: You are agile. (Dex +2) [potion of mutation]
  4083 | D:4      | Gained mutation: You possess an exceptional clarity of mind. [potion of mutation]
  4150 | D:4      | Reached XP level 7. HP: 52/54 MP: 7/7
  4510 | D:4      | Noticed Pikel
  4697 | D:4      | Killed Pikel
  4850 | D:4      | Killed Blork the orc
  4850 | D:4      | Reached XP level 8. HP: 50/60 MP: 8/8
  5110 | D:5      | Entered Level 5 of the Dungeon
  5250 | D:5      | Reached skill level 5 in Armour
  5505 | D:5      | Noticed Wendigo's ghost (amateur SpEn)
  5513 | D:5      | Killed Wendigo's ghost
  5783 | D:5      | Found a staircase to the Ecumenical Temple.
  5799 | D:5      | Reached skill level 5 in Fighting
  6145 | Temple   | Entered the Ecumenical Temple
  6155 | Temple   | Became a worshipper of Makhleb the Destroyer
  6155 | Temple   | Reached * piety under Makhleb
  6155 | Temple   | Reached ** piety under Makhleb
  6212 | D:6      | Found a blossoming altar of Fedhas.
  6275 | D:5      | Reached skill level 5 in Dodging
  6441 | D:6      | Noticed Duvessa
  6441 | D:6      | Noticed Dowan
  6639 | D:6      | Found an opulent altar of Gozag.
  6752 | D:6      | Killed Duvessa
  6752 | D:6      | Reached skill level 5 in Invocations
  6773 | D:6      | Killed Dowan
  6773 | D:6      | Reached XP level 9. HP: 14/68 MP: 13/13
  7580 | D:7      | Got a brightly glowing robe
  7591 | D:7      | Identified the +4 robe of Marph {rC+ rCorr Str+4 Stlth+} (You found it on level 7 of the Dungeon)
  7998 | D:7      | Found a stormy altar of Qazlal.
  8066 | D:7      | Found Letauho's General Store.
  8279 | D:7      | Bought a throwing net for 36 gold pieces
  8282 | D:7      | Bought a wand of flame (7/48) for 54 gold pieces
  8523 | D:8      | Reached skill level 10 in Invocations
  8570 | D:8      | Reached *** piety under Makhleb
  8613 | D:8      | Noticed a troll
  8624 | D:8      | Killed a troll
  8690 | D:8      | Found a staircase to the Lair.
  8765 | D:8      | Reached XP level 10. HP: 71/74 MP: 18/18
  8841 | D:8      | Upgraded the game from 0.20-a0-1116-gaa52201 to 0.20-a0-1117-g62da73f
  9064 | D:9      | Noticed Erica
  9367 | D:9      | Reached **** piety under Makhleb
 10167 | D:9      | Killed Erica
 10250 | D:9      | Found a sacrificial altar of Ru.
 10293 | D:10     | Entered Level 10 of the Dungeon
 10315 | D:10     | Found a basalt altar of Yredelemnul.
 10503 | D:10     | Reached skill level 10 in Unarmed Combat
 10512 | D:10     | Found a staircase to the Orcish Mines.
 10729 | D:10     | Gained mutation: You are surrounded by a moderate repulsion field. (EV +3) [demonic ancestry]
 10729 | D:10     | Reached XP level 11. HP: 59/79 MP: 20/20
 10824 | D:10     | Noticed a two-headed ogre
 10830 | D:10     | Killed a two-headed ogre
 11415 | Lair:1   | Entered Level 1 of the Lair of Beasts
 12349 | Lair:1   | Reached skill level 1 in Evocations
 13212 | Lair:2   | Found a staircase to the Snake Pit.
 13362 | Lair:2   | Reached skill level 5 in Evocations
 13923 | Lair:2   | Noticed a queen ant
 13958 | Lair:2   | Killed a queen ant
 13958 | Lair:2   | Gained mutation: Your flesh is cold resistant. (rC+) [demonic ancestry]
 13958 | Lair:2   | Reached XP level 12. HP: 46/91 MP: 21/21
 14893 | Lair:2   | Reached ***** piety under Makhleb
 15784 | Lair:3   | Identified a scroll of acquirement
 15785 | Lair:3   | Got a heavily runed bronze amulet
 15861 | Lair:3   | Reached skill level 10 in Fighting
 16816 | Lair:4   | Noticed a four-headed hydra
 16822 | Lair:4   | Found a staircase to the Shoals.
 16841 | Lair:4   | Killed a four-headed hydra
 17357 | Lair:4   | Noticed a four-headed hydra
 17363 | Lair:4   | Killed a four-headed hydra
 17923 | Lair:5   | HP: 7/145 [salamander (13)]
 18285 | Lair:5   | Gained mutation: You are immune to freezing clouds. [demonic ancestry]
 18285 | Lair:5   | Reached XP level 13. HP: 103/103 MP: 22/22
 18996 | Lair:5   | Found a deep blue altar of Sif Muna.
 20241 | Lair:5   | Identified the amulet "Galezirch" {Gourm Str+3 Int+2 Stlth+} (You acquired it on level 3 of the Lair of Beasts)
 20456 | Lair:6   | Entered Level 6 of the Lair of Beasts
 22051 | Lair:6   | Found a staircase to the Slime Pits.
 22077 | Lair:6   | Found a runed door.
 22089 | Lair:6   | Reached XP level 14. HP: 110/110 MP: 24/24
 22600 | Lair:6   | Gained mutation: Your magical capacity is low. (-10% MP) [a shining eye]
 23027 | Lair:6   | Reached skill level 15 in Invocations
 23535 | Lair:6   | Reached skill level 10 in Armour
 24372 | D:11     | Found a frozen archway.
 24379 | IceCv    | Entered an ice cave
 24458 | IceCv    | Noticed grindst0ne's ghost (journeyman DsBe)
 24472 | IceCv    | Killed grindst0ne's ghost
 25138 | IceCv    | Found an ancient bone altar of Kikubaaqudgha.
 26631 | D:11     | Noticed Snorg
 26638 | D:11     | Killed Snorg
 28076 | D:12     | Noticed Gastronok
 28119 | D:12     | Killed Gastronok
 28533 | D:12     | Reached ****** piety under Makhleb
 28687 | Orc:1    | Entered Level 1 of the Orcish Mines
 28869 | Orc:2    | Entered Level 2 of the Orcish Mines
 29003 | Orc:2    | Found Feomeshru's Gadget Boutique.
 29015 | Orc:1    | Noticed braks's ghost (journeyman MfIE)
 29041 | Orc:2    | Gained mutation: You regenerate health from kills. [demonic ancestry]
 29041 | Orc:2    | Reached XP level 15. HP: 114/114 MP: 23/23
 29597 | Orc:2    | Found a staircase to the Elven Halls.
 29751 | Orc:2    | Reached skill level 15 in Unarmed Combat
 29853 | Orc:2    | Found Jozialog's Assorted Antiques.
 29853 | Orc:2    | Found Ximacw's Magic Scroll Emporium.
 30014 | Orc:2    | Found Vaumn's Antique Weapon Emporium.
 30014 | Orc:2    | Found Gilets's Food Boutique.
 30022 | Orc:2    | Bought a scroll labeled YPSALATSOZ for 36 gold pieces
 30022 | Orc:2    | Bought a scroll labeled TASEFI OGARO for 36 gold pieces
 30023 | Orc:2    | Bought a scroll of identify for 24 gold pieces
 30023 | Orc:2    | Bought a scroll of identify for 24 gold pieces
 30142 | Orc:2    | Bought a potion of curing for 108 gold pieces
 30306 | Orc:1    | Killed braks's ghost
 30759 | D:13     | Got a pair of ancient boots
 30765 | D:13     | Identified the +2 pair of boots "Githriohe" {rF+ MR+ Str+2} (You found it on level 13 of the Dungeon)
 31528 | D:13     | Found a gate to the Vaults.
 32199 | D:14     | Identified the Compendium of Envenoming and Unholy Magic
 32230 | D:14     | Found an ornate altar of the Wu Jian Council.
 32440 | D:14     | Reached XP level 16. HP: 123/123 MP: 24/24
 32585 | D:14     | Noticed Roxanne
 33858 | D:15     | Entered Level 15 of the Dungeon
 34007 | D:15     | Noticed Josephine
 34570 | D:14     | Killed Josephine
 34996 | D:15     | Noticed Sonja
 34996 | D:15     | Reached skill level 10 in Dodging
 35002 | D:15     | Killed Sonja
 35091 | D:15     | Noticed Azrael
 35133 | D:15     | Killed Azrael
 35784 | D:15     | Found a staircase to the Depths.
 36394 | Snake:1  | Entered Level 1 of the Snake Pit
 36696 | Snake:1  | Gained mutation: You are surrounded by a strong repulsion field. (EV +4, RMsl) [demonic ancestry]
 36696 | Snake:1  | Reached XP level 17. HP: 133/133 MP: 7/26
 36905 | Snake:1  | Noticed Kirke
 36938 | Snake:1  | Killed Kirke
 37210 | Snake:2  | Noticed Aizul
 37247 | Snake:2  | Killed Aizul
 37436 | Snake:2  | Found Xixuol's Assorted Antiques.
 37436 | Snake:2  | Found Moqemy's General Store.
 37476 | Snake:2  | Learned a level 2 spell: Blink
 37481 | Snake:2  | Found Lenwa Doile's Book Shop.
 37488 | Snake:2  | Found Ovuakkit's Distillery.
 37493 | Snake:2  | Bought a steaming bone ring for 100 gold pieces
 37494 | Snake:2  | Identified the ring "Yllior" {*Tele Dex+4} (You bought it in a shop on level 2 of the Snake Pit)
 37501 | Snake:2  | Bought a potion of magic for 128 gold pieces
 37501 | Snake:2  | Bought a potion of haste for 160 gold pieces
 37501 | Snake:2  | Bought a potion of heal wounds for 80 gold pieces
 37504 | Snake:2  | Bought a potion of invisibility for 144 gold pieces
 37504 | Snake:2  | Bought a scroll of identify for 36 gold pieces
 37790 | Snake:2  | Noticed Vashnia
 38008 | Snake:2  | Killed Vashnia
 39510 | Snake:3  | Got a brightly glowing brass amulet
 39512 | Snake:3  | Identified the amulet "Niamus" {Spirit +Blink rElec rF- Int+2} (You acquired it on level 3 of the Snake Pit)
 39827 | Snake:4  | Entered Level 4 of the Snake Pit
 39838 | Snake:4  | Noticed Jorgrun
 39854 | Snake:4  | Killed Jorgrun
 40286 | Snake:4  | Reached XP level 18. HP: 116/140 MP: 29/29
 41988 | Snake:4  | Got a serpentine rune of Zot
 42105 | Snake:4  | Reached skill level 15 in Fighting
 42650 | Shoals:1 | Entered Level 1 of the Shoals
 43373 | Shoals:1 | Gained mutation: You have claws for feet. [demonic ancestry]
 43373 | Shoals:1 | Reached XP level 19. HP: 157/157 MP: 30/30
 43574 | Shoals:2 | Noticed Louise
 43592 | Shoals:2 | Killed Louise
 44201 | Shoals:2 | Noticed Polyphemus
 44300 | Shoals:2 | Killed Polyphemus
 45212 | Shoals:4 | Entered Level 4 of the Shoals
 45343 | Shoals:4 | Noticed Ilsuiw
 45569 | Shoals:3 | Killed Ilsuiw
 45880 | Shoals:4 | Got a crude bone ring
 45887 | Shoals:4 | Identified the ring "Oceudaog" {rC+ MR+ Str+3} (You found it on level 4 of the Shoals)
 46155 | Shoals:4 | Reached skill level 10 in Evocations
 46160 | Shoals:4 | Got a barnacled rune of Zot
 46941 | Vaults:1 | Entered Level 1 of the Vaults
 47478 | Vaults:1 | Reached XP level 20. HP: 164/164 MP: 31/31
 48157 | Snake:2  | Bought a manual of Unarmed Combat for 1766 gold pieces
 48353 | Elf:1    | Entered Level 1 of the Elven Halls
 48397 | Elf:1    | Identified the Handbook of Creation
 48759 | Elf:1    | Gained mutation: Your magical capacity is very low. (-20% MP) [a neqoxec]
 48904 | Elf:1    | Got an ichor-stained leather armour
 48915 | Elf:1    | Identified the +2 leather armour of Contentment {rElec rN+} (You found it on level 1 of the Elven Halls)
 49420 | Elf:1    | Found an ancient bone altar of Kikubaaqudgha.
 49788 | Elf:2    | Found a ruined gateway.
 49858 | Elf:2    | Found a runed gate.
 49858 | Elf:2    | Found a runed gate.
 49859 | Elf:2    | Found a runed gate.
 49907 | Elf:2    | Found Nasoh's Jewellery Shop.
 49907 | Elf:2    | Found Acwoyre's Gadget Emporium.
 49908 | Elf:2    | Found Zozuybb's Gadget Emporium.
 49918 | Elf:2    | Bought a cursed amulet of inaccuracy for 32 gold pieces
 50128 | Elf:2    | Found Zujor's Antique Armour Shop.
 50149 | Elf:2    | Bought a pair of distressingly furry gloves for 332 gold pieces
 50163 | Elf:2    | Identified the cursed +0 pair of gloves of Wu Jian's Whim {rF++ MR+ Dex+2} (You bought it in a shop on level 2 of the Elven Halls)
 50166 | Elf:2    | Bought a runed cloak for 262 gold pieces
 50280 | Elf:3    | Entered Level 3 of the Elven Halls
 50877 | Elf:3    | Found Ythrumm's Antique Armour Shop.
 50896 | Elf:3    | Bought an embroidered hat for 231 gold pieces
 51416 | Elf:3    | Got an encrusted buckler
 51425 | Elf:3    | Identified the +0 buckler of Spring {Str+5} (You took it off a deep elf sorcerer on level 3 of the Elven Halls)
 51533 | Elf:2    | Got a dazzling plate armour
 51590 | Elf:2    | Identified the +8 plate armour of Cloud Cover {rC+} (You took it off a deep elf blademaster on level 2 of the Elven Halls)
 51749 | Elf:3    | Reached XP level 21. HP: 171/171 MP: 28/28
 51762 | Elf:3    | Got a scorched tin ring
 51764 | Elf:3    | Identified the ring of Toihe {Dex+5 Slay+3} (You took it off a deep elf mage on level 3 of the Elven Halls)
 51993 | Elf:3    | Got a slimy scale mail
 52004 | Elf:3    | Identified the +1 scale mail of Broken Taboos {Str+2 Int+3 Slay+6} (You found it on level 3 of the Elven Halls)
 52068 | Elf:3    | Got an encrusted chain mail
 52079 | Elf:3    | Identified the cursed +0 chain mail of Creativity {*Corrode rElec rC+ Str+3} (You found it on level 3 of the Elven Halls)
 53172 | Vaults:1 | Got a smoking amber ring
 53179 | Vaults:1 | Identified the ring of Fiecoh {EV+4 Int+3 Stlth+} (You took it off an orc knight on level 1 of the Vaults)
 53211 | Vaults:1 | Got a sparkling sapphire amulet
 53214 | Vaults:1 | Identified the amulet of Hiatug {MR+ Regen+ Int+4} (You took it off an ironbrand convoker on level 1 of the Vaults)
 53327 | Vaults:1 | Identified the ring of Isasacs {Fire rPois MR+ Int-5 Dex+3} (You found it on level 1 of the Vaults)
 54465 | Vaults:2 | Noticed Mennas
 54483 | Vaults:2 | Slain by Mennas

Vault maps used:
D:1:      grunt_arrival_crossed_arrows, minmay_crystal_water
D:2:      nicolae_overflow_hidden_temple, lemuel_coloured_pillars_altar,
          kennysheep_cross_bottleneck
D:4:      uniq_pikel, uniq_blork_the_orc
D:5:      minmay_temple_entry_overgrown, first_bread, due_unseen_surprise
D:6:      nicolae_overflow_crystal_walls, lemuel_crystal_altar,
          minmay_misc_feat_roman, corexii_leaking_fountain, uniq_duvessa
D:7:      overflow_temple_1_default, serial_shops, nicolae_shop_statue_plus
D:8:      erik_lair_island
D:9:      nicolae_ru_path_of_blood, uniq_erica
D:10:     orc_0_dummy, basic_altar
D:11:     portal_ice_cave_entry_pillars_2, special_room, uniq_snorg
D:12:     uniq_gastronok
D:13:     grunt_vaults_entry_tiered
D:14:     minmay_tri_box, lemuel_doored_altar, serial_ice, serial_ice_j,
          serial_ice_n, serial_ice_o, serial_ice_h, serial_ice_f, serial_ice_e,
          serial_ice_d, uniq_roxanne
D:15:     gammafunk_depths_entry_grave, uniq_azrael, uniq_sonja, uniq_josephine
Temple:   compressed_dpeg_circular_temple
Lair:1:   serial_forest, infiniplex_forest_clump_diagonal,
          infiniplex_forest_end_3, infiniplex_forest_straight_4,
          infiniplex_forest_lined_room_3, infiniplex_forest_straight_2,
          cheibrodos_lair_lostbears, lemuel_fruit_tree
Lair:2:   guppyfry_snake_entry_island, zaba_antful_of_joy
Lair:4:   elwin_shoals_entry_rocks, minivault_27
Lair:5:   basic_altar, beast_lair_carwin_10, serial_bayou_shore_a,
          grunt_megastairs_2, minmay_lair_oklob_chamber
Lair:6:   guppyfry_lair_end_dragon, wormcave, minmay_slime_entry_oklob_open,
          hangedman_lair_generics_rect
Shoals:1: nicolae_shoals_square_sea_wall
Shoals:2: uniq_louise, uniq_polyphemus
Shoals:4: shoals_end_grunt_garden, shoals_ilsuiw_ice
Snake:1:  nicolae_snake_springs, uniq_kirke
Snake:2:  minmay_shoptagon, uniq_vashnia, uniq_aizul
Snake:3:  nicolae_snake_salamander_stairs
Snake:4:  grunt_snake_rune_spirals, serial_bayou_lagoon_b, uniq_jorgrun
Orc:2:    st_orc_ogre_mass, serial_shops, nicolae_shop_statue_plus
Elf:1:    basic_altar, minmay_elf_demonology, minivault_11
Elf:2:    serial_shops, shop, portal_desolation_entry_ruin, minmay_shop_grove,
          uniq_nikola
Elf:3:    elf_hall, serial_shops, nicolae_shop_behind_doors
Vaults:1: vaults_mumra_hex, st_greater_box_3, vaults_room_door_ring,
          nicolae_vaults_network_s, v_rooms_6, vaults_room_grunt_arrival_ludios,
          vaults_mumra_lcd, v_pattern_5, ontoclasm_vaults_decontamination,
          dpeg_vaults_monster_box, vaults_dpeg_ring
Vaults:2: v_misc_4, v_misc_33, nicolae_vaults_holding_cells, vaults_room_grid,
          ontoclasm_vaults_claustrophobia, vaults_standard_mumra_x,
          ontoclasm_vaults_ligature, v_alt_pattern_2,
          nicolae_vaults_network_quinsquares, nicolae_vaults_little_squares_4,
          v_misc_13, ontoclasm_vaults_spin, nicolae_vaults_little_squares_3,
          uniq_mennas
IceCv:    ice_cave_small_necro

Skill      XL: |  1  2  3  4  5  6  7  8  9 10 11 12 13 14 15 16 17 18 19 20 21 |
---------------+----------------------------------------------------------------+-----
Unarmed Combat | 3 4 5 6 10 11 12 14 16 20 21 | 21.9
Dodging        | 3 5 7 8 9 10 12 13 | 13.4
Fighting       | 4 5 7 10 12 16 | 16.0
Armour         | 4 5 7 9 10 12 13 | 13.6
Invocations    | 5 11 12 13 15 16 21 | 21.0
Evocations     | 7 10 | 10.0
Stealth        | |  1.7

Action                   |  1- 3 |  4- 6 |  7- 9 | 10-12 | 13-15 | 16-18 | 19-21 || total
-------------------------+-------+-------+-------+-------+-------+-------+-------++-------
Melee: Unarmed           |    99 |   137 |   403 |   649 |  1758 |  1736 |  2089 ||  6871
       Punch             |     2 |     1 |    14 |    49 |   149 |   172 |   275 ||   662
       Kick              |     5 |    39 |   139 |   248 |   557 |       |   977 ||  1965
 Fire: Hunting sling     |    16 |    58 |    61 |       |       |       |       ||   135
       Blowgun           |       |       |       |       |       |       |     1 ||     1
Throw: Stone             |    58 |       |       |       |       |       |       ||    58
       Throwing net      |       |       |       |       |       |     2 |       ||     2
Invok: Minor Destruction |       |       |    85 |   390 |   586 |   745 |   394 ||  2200
       Lesser Servant of |       |       |       |     8 |     8 |     5 |     2 ||    23
       Major Destruction |       |       |       |     6 |    71 |   220 |    97 ||   394
       Greater Servant o |       |       |       |       |     4 |    11 |     6 ||    21
 Abil: Evoke Berserk Rag |       |       |       |     4 |    25 |     7 |       ||    36
Evoke: Wand              |       |       |     2 |     9 |    39 |     5 |    18 ||    73
       Sack of spiders   |       |       |       |       |       |     1 |     1 ||     2
       Lightning rod     |       |       |       |       |       |       |     1 ||     1
  Use: Scroll            |       |     4 |     5 |    11 |    17 |    14 |    24 ||    75
       Potion            |       |     2 |       |       |     1 |     4 |     3 ||    10
 Stab: Sleeping          |     3 |     2 |     1 |     2 |       |       |       ||     8
       Distracted        |       |       |     1 |     5 |     1 |    15 |     4 ||    26
       Paralysed         |       |       |       |     5 |       |       |       ||     5
       Confused          |       |       |       |       |       |     1 |     2 ||     3
       Invisible         |       |       |       |       |       |     2 |       ||     2
  Eat: Chunk             |     2 |     7 |    10 |    15 |    38 |    21 |    20 ||   113
       Fruit             |       |     1 |     1 |     1 |     2 |    10 |     2 ||    17
       Bread ration      |       |       |     1 |     4 |     5 |     1 |     1 ||    12
       Royal jelly       |       |       |       |     1 |     4 |     5 |     6 ||    16
Armor: Robe              |    16 |    15 |     1 |       |       |       |       ||    32
       Ring mail         |       |       |   119 |   164 |   132 |       |       ||   415
       Fire dragon scale |       |       |       |       |   475 |   615 |   600 ||  1690
Dodge: Dodged            |    63 |    82 |   248 |   469 |  1292 |  1406 |  1832 ||  5392
       Deflected         |       |       |       |       |       |   134 |   150 ||   284
